 Dungeon Crawl Stone Soup version 0.28-a0-519-gbfeecf2fc5 (webtiles) character file.

Game seed: 16577769006821252640

961 serber55 the Slasher (level 7, -9/55 HPs)
             Began as a Demonspawn Gladiator on Sept 23, 2021.
             Mangled by an ogre (25 damage)
             ... on level 6 of the Dungeon.
             The game lasted 00:18:29 (5530 turns).

serber55 the Slasher (Demonspawn Gladiator)         Turns: 5530, Time: 00:18:29

Health: -9/55      AC: 15    Str: 16    XL:     7   Next: 92%
Magic:  7/7        EV: 10    Int: 10    God:
Gold:   140        SH:  4    Dex: 16    Spells: 6/6 levels left

rFire   . . .      SeeInvis .   a - +0 long sword
rCold   . . .      Faith    .   s - +0 buckler
rNeg    + . .      Spirit   .   e - +4 scale mail {rN+}
rPois   .          Reflect  .   (helmet restricted)
rElec   .          Harm     .   h - +0 cloak
rCorr   .          Rampage  .   (no gloves)
Will    .....      Rnd*Tele +   (no boots)
Stlth   ..........              (no amulet)
HPRegen 0.18/turn               (no ring)
MPRegen 0.20/turn               (no ring)

@: no status effects
A: thin metallic scales 2, magic regeneration, demonic magic 2, beak, strong 1,
teleportitis 2, evolution 1
a: no special abilities


You were on level 6 of the Dungeon.
You visited 1 branch of the dungeon, and saw 6 of its levels.

You collected 140 gold pieces.

Inventory:

Hand Weapons
 a - a +0 long sword (weapon)
Missiles
 d - 3 throwing nets
 f - 32 poisoned darts (quivered)
Armour
 c - a +0 helmet
 e - a +4 scale mail of positive energy (worn)
 h - a +0 cloak (worn)
 s - a +0 buckler (worn)
Wands
 b - a wand of digging (3)
 j - a wand of paralysis (8)
 p - a wand of acid (6)
Scrolls
 i - a scroll of amnesia
 k - a scroll of summoning
 l - 2 scrolls of teleportation
 n - a scroll of enchant armour
 o - a scroll of blinking
 r - a scroll of fog
Potions
 g - 3 potions of lignification
 m - a potion of heal wounds
 q - a potion of brilliance {unknown}


   Skills:
 + Level 4.8 Fighting
 * Level 6.5 Long Blades
 - Level 1.7 Throwing
 + Level 3.2 Armour
 - Level 3.3 Dodging
 + Level 0.9 Shields


You had 6 spell levels left.
You didn't know any spells.
Your spell library contained the following spells:

 Spells                   Type           Power      Damage    Failure   Level
 Olgreb's Toxic Radiance  Pois           0%         N/A       100%        4
 Ozocubu's Refrigeration  Ice            0%         4d5       100%        7
 Ignition                 Fire           0%         3d3       100%        8


Dungeon Overview and Level Annotations

Branches:
Dungeon (6/15)
 Temple: D:4-7

Altars:
Nemelex Xobeh
Uskayaw


Innate Abilities, Weirdness & Mutations

You are mostly covered in thin metallic scales. (AC +3)
You regenerate magic rapidly.
Spells you cast may paralyse nearby enemies.
You have a beak for a mouth.
Your muscles are strong. (Str +2)
You are sometimes teleported next to monsters.
You have hidden genetic potential.


Message History

(D) Dungeon
Where to? (Enter - D:7, ? - help) Sorry, I don't know how to get there.
As you read the scroll labelled QIETHISIVIOF, it crumbles to dust.
The scroll dissolves into smoke.
It was a scroll of fog.
Blink to where?
Press: ? - help, Dir - move target, f - you
Okay, then.
You are no longer corroded.
You hear the slow rusting of a distant drain.
HP restored.
An ogre comes into view. It is wielding a +0 giant club.
A sky beast and a white imp come into view.
The white imp shouts!
The ogre hits you with a +0 giant club.
You hit the ogre but do no damage. The ogre barely misses you.
You barely miss the ogre. The ogre hits you but does no damage.
Your scale mail prevents you from hitting the ogre.
The ogre completely misses you.
You hit the ogre. You peck the ogre.
The ogre is lightly wounded.
The ogre hits you with a +0 giant club!
You hit the ogre but do no damage. Your peck misses the ogre.
The ogre is lightly wounded.
The ogre closely misses you.
You hit the ogre.
The ogre is moderately wounded.
The ogre hits you with a +0 giant club!!
You are too injured to fight recklessly!
You are too injured to fight recklessly!
You hit the ogre. You peck the ogre.
The ogre is moderately wounded.
You slash the ogre! You peck the ogre.
The ogre is severely wounded.
The ogre hits you with a +0 giant club.
* * * LOW HITPOINT WARNING * * *
You hit the ogre. You peck the ogre.
The ogre is almost dead.
The ogre hits you with a +0 giant club!!
You die...

#####.# #.....# #.###.#
#.# #.# #.###.#
#...#.########
###...........
############...########
.......@OY...........<
...######............#
.....5...............
.#.##..#.#.#.........
...Y...............
.....#...#.#.........
...........#.#..#....
..##.##..#.#....#.. .
.. ...... ..


You could see a sky beast and an ogre.

Vanquished Creatures
  A black bear (D:5)
  2 ogres
  A scorpion (D:4)
  2 jellies
  2 hounds
  3 orc priests (D:4)
  Jessica (D:2)
  An iguana (D:5)
  Terence (D:2)
  3 orc wizards
  3 gnolls (D:3)
  10 adders
  A white imp (D:4)
  An adder skeleton (D:5)
  A worm (D:5)
  5 dart slugs
  22 orcs
  5 bats
  7 endoplasms
  5 giant cockroaches
  17 goblins
  12 hobgoblins
  6 jackals
  3 quokkas
  4 ball pythons
  6 frilled lizards
  9 kobolds
  7 rats
141 creatures vanquished.

Notes
Turn   | Place    | Note
-------+----------+-------------------------------------------
     0 | D:1      | serber55 the Demonspawn Gladiator began the quest for the
                  | Orb.
     0 | D:1      | Reached XP level 1. HP: 16/16 MP: 1/1
   211 | D:1      | Reached skill level 3 in Long Blades
   211 | D:1      | Gained mutation: You regenerate magic rapidly. [demonic
                  | ancestry]
   211 | D:1      | Reached XP level 2. HP: 22/22 MP: 2/2
   531 | D:1      | Gained mutation: You are dopey. (Int -2) [potion of
                  | mutation]
   531 | D:1      | Gained mutation: You are frail. (-10% HP) [potion of
                  | mutation]
   531 | D:1      | Gained mutation: You have supernaturally acute eyesight.
                  | (SInv) [potion of mutation]
   718 | D:1      | Reached XP level 3. HP: 20/25 MP: 3/3
  1004 | D:2      | Noticed Jessica
  1010 | D:2      | Killed Jessica
  1150 | D:2      | Lost mutation: You are dopey. (Int -2) [potion of mutation]
  1150 | D:2      | Lost mutation: You are frail. (-10% HP) [potion of
                  | mutation]
  1150 | D:2      | Gained mutation: You expend magic power (3 MP) to
                  | strengthen your wands. [potion of mutation]
  1150 | D:2      | Gained mutation: You are occasionally teleported next to
                  | monsters. [potion of mutation]
  1150 | D:2      | Gained mutation: You are sometimes teleported next to
                  | monsters. [potion of mutation]
  1375 | D:2      | Gained mutation: You are partially covered in thin metallic
                  | scales. (AC +2) [demonic ancestry]
  1375 | D:2      | Reached XP level 4. HP: 34/34 MP: 4/4
  1521 | D:2      | Noticed Terence
  1539 | D:2      | Killed Terence
  1609 | D:2      | Reached skill level 4 in Long Blades
  2054 | D:3      | Found a faded altar of an unknown god.
  2207 | D:3      | Gained mutation: Spells you cast may paralyse adjacent
                  | enemies. [demonic ancestry]
  2207 | D:3      | Reached XP level 5. HP: 41/41 MP: 5/5
  2358 | D:3      | Reached skill level 1 in Armour
  2949 | D:3      | Gained mutation: Spells you cast may paralyse nearby
                  | enemies. [demonic ancestry]
  2949 | D:3      | Reached XP level 6. HP: 45/47 MP: 6/6
  3335 | D:4      | Reached skill level 5 in Long Blades
  3417 | D:4      | Found a sparkling altar of Nemelex Xobeh.
  3845 | D:4      | Gained mutation: You are mostly covered in thin metallic
                  | scales. (AC +3) [demonic ancestry]
  3845 | D:4      | Reached XP level 7. HP: 35/54 MP: 7/7
  4042 | D:4      | Paralysed by a kobold for 2 turns
  4357 | D:4      | Found a hide-covered altar of Uskayaw.
  4796 | D:5      | Entered Level 5 of the Dungeon
  4805 | D:5      | Reached skill level 6 in Long Blades
  4805 | D:5      | Lost mutation: You expend magic power (3 MP) to strengthen
                  | your wands. [potion of mutation]
  4805 | D:5      | Lost mutation: You have supernaturally acute eyesight.
                  | (SInv) [potion of mutation]
  4805 | D:5      | Gained mutation: You have a beak for a mouth. [potion of
                  | mutation]
  4805 | D:5      | Gained mutation: Your muscles are strong. (Str +2) [potion
                  | of mutation]
  4805 | D:5      | Gained mutation: You have hidden genetic potential. [potion
                  | of mutation]
  5530 | D:6      | Mangled by an ogre

Illustrated notes

Levels and vault maps discovered:
D:1:      dpeg_arrival_pond, layout_basic, corexii_item_surrounded_by_moat
D:2:      layout_loops_ring, kennysheep_generic_room_8, uniq_terence,
          uniq_jessica
D:3:      minmay_razor_zed, layout_rooms, dreamdust_ecumenical_altar_grove,
          minmay_goblin_outpost
D:4:      layout_loops_ring, mainiacjoe_overflow_alcove_1,
          nicolae_uskayaw_suspiria
D:5:      layout_cave_pools
D:6:      layout_basic, chequers_temple_overflow_statue_of_worship,
          lightli_sewer_entry_pipes, chequers_serial_rivers_large_b

Skill      XL: |  1  2  3  4  5  6  7 |
---------------+----------------------+-----
Long Blades    | 3 4 5 6 |  6.5
Dodging        | 3 |  3.3
Fighting       | 3 4 |  4.8
Armour         | 1 2 3 |  3.2
Throwing       | |  1.7
Shields        | |  0.9

Action                   |  1- 3 |  4- 6 |  7- 9 || total
-------------------------+-------+-------+-------++-------
Melee: Long sword        |   104 |   300 |   124 ||   528
       Peck              |       |       |    11 ||    11
Throw: Dart              |       |     2 |       ||     2
Evoke: Wand              |       |     1 |       ||     1
  Use: Potion            |     6 |     3 |     1 ||    10
       Scroll            |     3 |     4 |     5 ||    12
 Stab: Invisible         |       |     2 |       ||     2
Armor: Leather armour    |    35 |    24 |       ||    59
       Scale mail        |       |   174 |    77 ||   251
       Skin              |       |    25 |       ||    25
Dodge: Dodged            |    65 |   229 |    61 ||   355
Block: Buckler           |       |       |     6 ||     6

Table legend: (Time is in decaauts)
 A = Elapsed time spent in this place.
 B = Non-inter-level travel time spent in this place.
 C = Inter-level travel time spent in this place.
 D = Time resting spent in this place.
 E = Time spent auto-exploring this place.
 F = Levels seen in this place.
 G = Mean time per level.
                   A        B        C        D        E       F      G
               +--------+--------+--------+--------+--------+-----+--------+
         Total |   5624 |   5477 |    147 |    959 |   3265 |   6 |  937.3 |
       Dungeon |   5624 |   5477 |    147 |    959 |   3265 |   6 |  937.3 |
               +--------+--------+--------+--------+--------+-----+--------+

Top non-repeatable levels by time:
     D:3: 1444 daAuts
     D:4: 1350 daAuts
     D:1: 1092 daAuts
     D:2: 997 daAuts
     D:5: 641 daAuts
     D:6: 98 daAuts
